 Dungeon Crawl Stone Soup version 0.26.1-11-gd32895ea62 (webtiles) character file.

Game seed: 12287735802759646310

378 Zeld the Digger (level 6, -3/32 HPs)
             Began as a Gargoyle Earth Elementalist on Sept 7, 2021.
             Slain by a bullfrog skeleton (4 damage)
             ... on level 4 of the Dungeon.
             The game lasted 00:06:42 (4306 turns).

Zeld the Digger (Gargoyle Earth Elementalist)       Turns: 4306, Time: 00:06:43

Health: -3/32      AC:  6    Str: 12    XL:     6   Next: 74%
Magic:  0/11       EV: 12    Int: 17    God:
Gold:   136        SH:  0    Dex: 10    Spells: 2/12 levels left

rFire    . . .     SeeInvis .   (no weapon)
rCold    . . .     Faith    .   (no shield)
rNeg     + . .     Spirit   .   c - +0 robe
rPois    ∞         Reflect  .   (no helmet)
rElec    +         Harm     .   (no cloak)
rCorr    .         Rampage  .   (no gloves)
Will     .....                  (no boots)
Stlth    ++........             (no amulet)
HPRegen  0.10/turn              (no ring)
MPRegen  0.12/turn              (no ring)

@: no status effects
A: negative energy resistance 1, electricity resistance, unbreathing,
petrification resistance, miasma immunity, AC +4
a: no special abilities


You were on level 4 of the Dungeon.
You visited 1 branch of the dungeon, and saw 4 of its levels.

You collected 136 gold pieces.

Inventory:

Missiles
 q - 16 stones (quivered)
Armour
 c - a +0 robe (worn)
Jewellery
 a - an uncursed ring of resist corrosion {unknown}
Scrolls
 e - 7 scrolls of identify {unknown}
 i - a scroll of fog {unknown}
 k - a scroll of enchant armour {unknown}
 p - a scroll of remove curse {unknown}
Potions
 b - a potion of haste
 d - a potion of resistance {unknown}
 f - 2 potions of ambrosia {unknown}
 g - a potion of berserk rage {unknown}
 h - a potion of heal wounds {unknown}
 j - 2 potions of flight {unknown}
 l - a potion of curing {unknown}
 m - a potion of degeneration {unknown}
 n - a potion of brilliance {unknown}
 o - a potion of invisibility {unknown}


   Skills:
 + Level 2.1 Armour
 + Level 2.4 Dodging
 + Level 3.5 Stealth
 * Level 3.7 Spellcasting
 + Level 1.0 Conjurations
 - Level 1.0 Transmutations
 * Level 5.6 Earth Magic


You had 2 spell levels left.
You knew the following spells:

 Your Spells              Type           Power        Failure   Level
a - Sandblast             Erth           44%          1%          1
b - Passwall              Tmut/Erth      11%          6%          2
c - Stone Arrow           Conj/Erth      28%          12%         3
d - Petrify               Tmut/Erth      14%          38%         4

Your spell library contained the following spells:

 Spells                   Type           Power        Failure   Level
 Lee's Rapid Deconstruct  Erth           11%          41%         5


Dungeon Overview and Level Annotations

Branches:
Dungeon (4/15)
 Temple: D:4-7

Altars:
Yredelemnul


Innate Abilities, Weirdness & Mutations

You are resistant to torment.
Your stone body is resilient. (AC +4)
You are immune to poison.
You resist negative energy. (rN+)
You are resistant to electric shocks. (rElec)
You can survive without breathing.
You are immune to petrification.
You are immune to miasma.


Message History

Press: ? - help, Shift-Dir - straight line, f/p - bullfrog skeleton
Aim: a bullfrog skeleton (moderately damaged, 7% to evade)
The blast of sand hits the bullfrog skeleton!
The bullfrog skeleton is severely damaged.
q - 16 stones The bullfrog skeleton barely misses you.
Unknown command.
Casting: Sandblast (safe; 1% risk of failure)
Confirm with . or Enter, or press ? or * to list all spells.
You don't have enough magic to cast that spell.
You hit the bullfrog skeleton.
The bullfrog skeleton is almost destroyed.
The bullfrog skeleton hits you.
* * * LOW HITPOINT WARNING * * *
You hit the bullfrog skeleton.
The bullfrog skeleton is almost destroyed.
The bullfrog skeleton hits you.
* * * LOW HITPOINT WARNING * * *
The bullfrog skeleton hits you.
You die...

#......# #.#.#..#
..#.#..######## #
###.#.......... .# #
#.#.......... ..#
###.#......>..< ....
<.#.#.##############.....
..#......................
#####.######....@Z)......
#.# #.######...... #.#
#.# ..... #.# #.# ....
#.# #.# ... #.# #.# #$
#.# #.#


You could see a bullfrog skeleton.

Vanquished Creatures
  Edmund (D:4)
  3 orc priests
  A hound (D:3)
  An orc wizard (D:3)
  2 worms
  5 dart slugs
  5 leopard geckos
  10 orcs
  7 giant cockroaches
  2 gnoll zombies (D:2)
  8 goblins
  8 hobgoblins
  4 jackals (D:2)
  2 quokkas (D:3)
  6 bats
  2 frilled lizards
  13 kobolds
  5 rats
85 creatures vanquished.

Notes
Turn   | Place    | Note
-------+----------+-------------------------------------------
     0 | D:1      | Zeld the Gargoyle Earth Elementalist began the quest for
                  | the Orb.
     0 | D:1      | Reached XP level 1. HP: 10/10 MP: 3/3
   210 | D:1      | Reached XP level 2. HP: 15/15 MP: 3/5
   236 | D:1      | Learned a level 2 spell: Passwall
   254 | D:1      | Reached skill level 1 in Transmutations
   321 | D:1      | Reached skill level 4 in Earth Magic
   513 | D:1      | Reached XP level 3. HP: 19/19 MP: 4/6
   517 | D:1      | Learned a level 3 spell: Stone Arrow
  1599 | D:2      | Reached skill level 1 in Armour
  1754 | D:2      | Found a basalt altar of Yredelemnul.
  1817 | D:2      | Reached XP level 4. HP: 24/24 MP: 6/8
  2486 | D:2      | Reached XP level 5. HP: 26/28 MP: 3/9
  2578 | D:3      | Reached skill level 5 in Earth Magic
  2689 | D:3      | Reached XP level 6. HP: 30/32 MP: 1/11
  2702 | D:3      | Learned a level 4 spell: Petrify
  4289 | D:4      | Noticed Edmund
  4301 | D:4      | Killed Edmund
  4302 | D:4      | Reached skill level 1 in Conjurations
  4305 | D:4      | HP: 1/32 [bullfrog skeleton (5)]
  4306 | D:4      | Slain by a bullfrog skeleton

Illustrated notes

Levels and vault maps discovered:
D:1:      lightli_arrival_lavapool, layout_rooms, minmay_pentomino_s2
D:2:      layout_basic, lemuel_zombie_altar_yredelemnul
D:3:      layout_loops_ring
D:4:      layout_basic, ebering_ghost_rock_garden, serial_shops,
          nicolae_shop_waterfront, uniq_edmund

Skill      XL: |  1  2  3  4  5  6 |
---------------+-------------------+-----
Transmutations | 1 |  1.0
Earth Magic    | 4 5 |  5.6
Armour         | 1 2 |  2.1
Dodging        | 2 |  2.4
Spellcasting   | 3 |  3.7
Stealth        | 3 |  3.5
Conjurations   | 1 |  1.0

Action                   |  1- 3 |  4- 6 || total
-------------------------+-------+-------++-------
Melee: Unarmed           |    53 |   134 ||   187
 Cast: Sandblast         |    61 |    61 ||   122
       Stone Arrow       |       |     9 ||     9
       Passwall          |       |     4 ||     4
 Stab: Sleeping          |       |     3 ||     3
Armor: Robe              |    23 |    56 ||    79
Dodge: Dodged            |    65 |    97 ||   162
